[Event "Titled Tuesday Blitz June 14 Late 2022"]
[White "Pace, Christopher"]
[Black "Chiu, Isaac"]
[WhiteFideId "2610167"]
[BlackFideId "30900654"]
[WhiteElo "2418"]
[BlackElo "2117"]
[Result "1-0"]
[Round "09"]
[TimeControl "180+1"]
[Date "2022.06.15"]
[WhiteClock "0:00:23"]
[BlackClock "0:00:44"]

1. e4 c6 2. d4 d5 3. Nc3 dxe4 4. Nxe4 Nf6 5. Nxf6+ exf6 6. Nf3 Bd6 7. c3 O-O 8. Bd3 Re8+ 9. Be3 Nd7 10. O-O Nf8 11. Qc2 Bg4 12. Nd2 Bc7 13. Rae1 Ng6 14. h3 Be6 15. f4 Bc8 16. Ne4 Nf8 17. f5 b6 18. Qf2 c5 19. Bf4 Bxf4 20. Qxf4 cxd4 21. Nd6 Rxe1 22. Rxe1 dxc3 23. Bc4 Qc7 24. Re8 cxb2 25. Re1 Bb7 26. Nxf7 Bd5 27. Qxc7 Bxc4 28. Qxc4 b5 29. Nh6+ Kh8 30. Qg8# 1-0


[Site "https://www.chess.com"]

[Event "Titled Tuesday Blitz June 14 Late 2022"]
[White "Peng, David Yu"]
[Black "Riehle, Marco"]
[WhiteFideId "2605376"]
[BlackFideId "12904392"]
[WhiteElo "2166"]
[BlackElo "2462"]
[Result "1-0"]
[Round "09"]
[TimeControl "180+1"]
[Date "2022.06.14"]
[WhiteClock "0:00:12"]
[BlackClock "0:00:36"]

1. e4 e5 2. Nf3 Nf6 3. d4 Nxe4 4. Bd3 Nc6 5. dxe5 Nc5 6. O-O d6 7. Bb5 Be7 8. exd6 Qxd6 9. Qxd6 Bxd6 10. Re1+ Ne6 11. Nc3 O-O 12. Ne4 Ncd4 13. Nxd4 Nxd4 14. Bd3 Be7 15. Bf4 c6 16. Rad1 Bg4 17. f3 Bxf3 18. gxf3 Nxf3+ 19. Kg2 Nxe1+ 20. Rxe1 Rfe8 21. Nd6 Bxd6 22. Rxe8+ Rxe8 23. Bxd6 g6 24. Kf2 Kg7 25. Bb4 g5 26. Bc3+ f6 27. Kf3 h5 28. a4 Kf7 29. a5 a6 30. Bf5 Rd8 31. Ke2 Rd5 32. Bc8 Rb5 33. b4 f5 34. Bd2 f4 35. c4 Re5+ 36. Kf3 Re7 37. h4 Rc7 38. Bf5 Kf6 39. Bc2 Rf7 40. Bc3+ Ke6 41. hxg5 h4 42. g6 Rf8 43. c5 h3 44. g7 h2 45. Kg2 Rd8 46. Bb3+ Kf5 47. g8=Q Rxg8+ 48. Bxg8 Ke4 49. Kxh2 Kd3 50. Be5 f3 51. Kg3 Ke3 52. Bf4+ Ke4 53. Bh6 Kd3 54. Bf4 Kc3 55. Bc7 b5 56. cxb6 1-0


[Site "https://www.chess.com"]

[Event "Titled Tuesday Blitz June 14 Late 2022"]
[White "Petrovic, Aleksa"]
[Black "Yaksin, Oleg"]
[WhiteFideId "967629"]
[BlackFideId "24105880"]
[WhiteElo "2117"]
[BlackElo "2256"]
[Result "0-1"]
[Round "09"]
[TimeControl "180+1"]
[Date "2022.06.15"]
[WhiteClock "0:00:03"]
[BlackClock "0:00:09"]

1. d4 Nf6 2. c4 e6 3. Nf3 b6 4. g3 Bb7 5. Bg2 Be7 6. O-O O-O 7. Re1 Na6 8. Nc3 Ne4 9. Ne5 Nxc3 10. bxc3 Bxg2 11. Kxg2 c6 12. e4 Nc7 13. Bf4 f6 14. Nd3 d6 15. d5 e5 16. Be3 c5 17. a4 f5 18. exf5 Rxf5 19. a5 b5 20. cxb5 Nxb5 21. c4 Nd4 22. Bxd4 cxd4 23. Qa4 Rc8 24. Re4 Qc7 25. Rc1 Rcf8 26. Rc2 Rf3 27. Nf4 R3xf4 28. gxf4 Qc8 29. f3 Qf5 30. Rce2 g5 31. Qc2 gxf4 32. Kh1 Kh8 33. Rg2 Bf6 34. c5 dxc5 35. Qxc5 Rd8 36. d6 Qe6 37. Qxa7 Qxd6 38. Re1 d3 39. Reg1 d2 40. Rg7 Qd3 41. Qb7 d1=Q 42. Rxh7+ Qxh7 0-1


[Site "https://www.chess.com"]

[Event "Titled Tuesday Blitz June 14 Late 2022"]
[White "Pinheiro, Iung Alicio de O."]
[Black "Titichoca Daza, Daniel"]
[WhiteFideId "2104350"]
[BlackFideId "3309550"]
[WhiteElo "2283"]
[BlackElo "1912"]
[Result "0-1"]
[Round "09"]
[TimeControl "180+1"]
[Date "2022.06.14"]
[WhiteClock "0:00:03"]
[BlackClock "0:00:28"]

1. e4 d5 2. exd5 Qxd5 3. Nc3 Qa5 4. Bc4 Nf6 5. d3 c6 6. Bd2 Qc7 7. Qe2 Bg4 8. f3 Bh5 9. g4 Bg6 10. h4 h6 11. O-O-O Nbd7 12. Nh3 b5 13. Bb3 a5 14. h5 Bh7 15. g5 hxg5 16. Nxg5 Bg8 17. a4 Nc5 18. axb5 Nxb3+ 19. cxb3 cxb5 20. Kb1 a4 21. b4 e6 22. Nxb5 Qb7 23. d4 Nd5 24. Rc1 Be7 25. Ne4 Bh7 26. Ka1 O-O 27. Rhg1 Rfb8 28. Nbd6 Qd7 29. Qg2 Bf8 30. Rc5 Kh8 31. h6 g6 32. Nc4 a3 33. b3 Nxb4 34. Bc3 Nd5 35. Qd2 Rxb3 36. Nf6 Nxf6 37. d5 Rxc3 38. Qxc3 Bxh6 39. Qxf6+ Bg7 40. Qxg7+ Kxg7 41. d6 Qa4 42. Rb1 a2 43. Rc1 Qb4 44. Ne5 g5 45. Rc7 Qb1+ 0-1


[Site "https://www.chess.com"]

[Event "Titled Tuesday Blitz June 14 Late 2022"]
[White "Postnikov, Daniil"]
[Black "Maltsevskaya, Aleksandra"]
[WhiteFideId "4166329"]
[BlackFideId "24174041"]
[WhiteElo "2261"]
[BlackElo "2243"]
[Result "1-0"]
[Round "09"]
[TimeControl "180+1"]
[Date "2022.06.15"]
[WhiteClock "0:00:12"]
[BlackClock "0:00:04"]

1. e4 c5 2. Nf3 e6 3. g3 Nc6 4. Bg2 d5 5. exd5 exd5 6. d4 Nf6 7. O-O Bg4 8. dxc5 Bxc5 9. Re1+ Ne4 10. Be3 Bxe3 11. Rxe3 O-O 12. Nbd2 Re8 13. Qe1 Nf6 14. c3 Qb6 15. Nb3 Rxe3 16. Qxe3 Qxe3 17. fxe3 Re8 18. Re1 Bxf3 19. Bxf3 Ne5 20. Be2 b6 21. Nd4 g6 22. a4 Ne4 23. Nb5 Nd2 24. Rd1 Ndc4 25. Nc7 Rc8 26. Nxd5 Kf8 27. Bxc4 Nxc4 28. b3 Nd6 29. c4 Ne4 30. Kg2 Nc5 31. Rb1 f5 32. Kf3 Kf7 33. h4 Nd3 34. e4 fxe4+ 35. Kxe4 Nc5+ 36. Kd4 Re8 37. Rf1+ Kg7 38. b4 Re4+ 39. Kc3 Nxa4+ 40. Kb3 b5 41. cxb5 Nb6 42. Nc3 Re3 43. Ra1 Nd5 44. Rc1 Rxg3 45. Kc4 Nb6+ 46. Kc5 Kf6 47. Nd5+ Nxd5 48. Kxd5 Rg4 49. Ra1 Rxb4 50. Kc5 Rxh4 51. Rxa7 h5 52. b6 Rh2 53. b7 Rb2 54. Ra6+ Kf5 55. Rb6 Re2 1-0


[Site "https://www.chess.com"]

[Event "Titled Tuesday Blitz June 14 Late 2022"]
[White "Przybylski, Wojciech"]
[Black "Injac, Teodora"]
[WhiteFideId "1117599"]
[BlackFideId "932400"]
[WhiteElo "2133"]
[BlackElo "2278"]
[Result "1-0"]
[Round "09"]
[TimeControl "180+1"]
[Date "2022.06.14"]
[WhiteClock "0:00:13"]
[BlackClock "0:00:01"]

1. d4 Nf6 2. g3 g6 3. Bg2 Bg7 4. Nc3 d5 5. Nf3 O-O 6. O-O c6 7. Nd2 Bf5 8. a4 a5 9. h3 h5 10. Kh2 Nbd7 11. f3 e5 12. e3 Re8 13. Nb3 Qc7 14. Kg1 exd4 15. Nxd4 Qxg3 16. Nxf5 gxf5 17. Ne2 Qh4 18. Bd2 Bh6 19. f4 Ne4 20. Be1 Qf6 21. Qd4 Qe6 22. Ra3 Bg7 23. Qd1 Bxb2 24. Rb3 Bg7 25. Nd4 Qg6 26. Rxb7 Ndc5 27. Rb6 Rac8 28. c3 Nd6 29. Nxc6 Nd7 30. Ra6 Nc5 31. Rb6 Nd7 32. Ra6 Nc5 33. Rxa5 Rxc6 34. Qxd5 Ndb7 35. Qxc6 Qxc6 36. Bxc6 Rxe3 37. Ra8+ Kh7 38. Bf2 Rxc3 39. Rb8 1-0


[Site "https://www.chess.com"]

[Event "Titled Tuesday Blitz June 14 Late 2022"]
[White "Remolar Gallen, Jose"]
[Black "Voege, Tobias"]
[WhiteFideId "2215187"]
[BlackFideId "1270513"]
[WhiteElo "2205"]
[BlackElo "2379"]
[Result "1-0"]
[Round "09"]
[TimeControl "180+1"]
[Date "2022.06.15"]
[WhiteClock "0:00:38"]
[BlackClock "0:00:02"]

1. d4 Nf6 2. c4 g6 3. Nc3 Bg7 4. e4 d6 5. Be2 O-O 6. Be3 e5 7. d5 Nbd7 8. h4 h5 9. Nh3 a5 10. Qd2 Nc5 11. Ng5 a4 12. O-O-O Ng4 13. Bxg4 Bxg4 14. f3 Bd7 15. g4 f6 16. Ne6 Nxe6 17. dxe6 Bxe6 18. gxh5 Bxc4 19. hxg6 f5 20. Bg5 Qd7 21. Nd5 fxe4 22. fxe4 Bxd5 23. Qxd5+ Kh8 24. h5 Bf6 25. Bxf6+ Rxf6 26. Rdg1 Qc6+ 27. Qxc6 bxc6 28. h6 a3 29. h7 Kg7 30. bxa3 Rf4 31. Kd2 Rxe4 32. Rf1 Rd4+ 33. Kc2 Rf4 34. Rxf4 exf4 35. Kd2 Rh8 36. Ke2 Kxg6 37. Kf3 c5 38. a4 Kg7 39. a5 c4 40. a6 c3 41. a7 c2 42. Kxf4 Rf8+ 43. Ke4 c1=Q 44. Rxc1 Kxh7 45. Rxc7+ Kg6 46. Kd5 Ra8 47. Kxd6 Kf6 48. Kc6 Rd8 49. Kb7 Rd2 50. a8=Q Rb2+ 51. Kc8 Ke6 52. Qe4+ 1-0


[Site "https://www.chess.com"]

[Event "Titled Tuesday Blitz June 14 Late 2022"]
[White "Rios Escobar, Adan"]
[Black "Florescu, Codrut-Constantin"]
[WhiteFideId "3403645"]
[BlackFideId "1202200"]
[WhiteElo "2439"]
[BlackElo "2191"]
[Result "1-0"]
[Round "09"]
[TimeControl "180+1"]
[Date "2022.06.15"]
[WhiteClock "0:00:13"]
[BlackClock "0:00:16"]

1. d4 Nf6 2. g3 d5 3. Nf3 e6 4. c4 Be7 5. Bg2 O-O 6. O-O c6 7. Qc2 Nbd7 8. Rd1 b6 9. Nbd2 Ba6 10. b3 b5 11. cxb5 Bxb5 12. e4 Rc8 13. e5 Ne8 14. a4 Ba6 15. Bb2 c5 16. Qb1 Rb8 17. Qc2 Qb6 18. h4 c4 19. Ba3 Bxa3 20. Rxa3 Qb4 21. Rda1 g6 22. bxc4 dxc4 23. Rc3 Nb6 24. Ng5 Nc7 25. Nde4 Ncd5 26. Nf6+ Nxf6 27. exf6 Rfd8 28. h5 Qa5 29. f4 Nd5 30. Bxd5 Qxd5 31. Rd1 h6 32. hxg6 Bb7 33. gxf7+ Kf8 34. Qh2 Qh1+ 35. Qxh1 Bxh1 36. Nxe6+ Kxf7 37. Nxd8+ Rxd8 38. Kxh1 1-0


[Site "https://www.chess.com"]

[Event "Titled Tuesday Blitz June 14 Late 2022"]
[White "Rustemov, Alexander"]
[Black "Al-Tarboush, Ward"]
[WhiteFideId "4119002"]
[BlackFideId "7601450"]
[WhiteElo "2769"]
[BlackElo "2249"]
[Result "1/2-1/2"]
[Round "09"]
[TimeControl "180+1"]
[Date "2022.06.14"]
[WhiteClock "0:00:58"]
[BlackClock "0:00:02"]

1. d4 b6 2. e4 Bb7 3. Bd3 e6 4. Nf3 c5 5. c3 Nf6 6. Qe2 Be7 7. O-O Nc6 8. a3 Na5 9. Nbd2 c4 10. Bc2 Qc7 11. Re1 d6 12. Nf1 O-O-O 13. Ng3 h6 14. Be3 g5 15. Nd2 Rdg8 16. f3 h5 17. Ngf1 h4 18. Bf2 g4 19. f4 g3 20. hxg3 hxg3 21. Nxg3 Ng4 22. Ngf1 Nxf2 23. Kxf2 Bh4+ 24. Kg1 f5 25. Nf3 Qh7 26. Nxh4 Qxh4 27. g3 Nb3 28. Rad1 Qh1+ 29. Kf2 Rh2+ 30. Nxh2 Qxh2+ 31. Kf1 Qh1+ 32. Kf2 Qh2+ 33. Kf1 Qh1+ 34. Kf2 Qh2+ 1/2-1/2


[Site "https://www.chess.com"]

[Event "Titled Tuesday Blitz June 14 Late 2022"]
[White "Rychkov, Roman"]
[Black "Kohler, Aran"]
[WhiteFideId "30985595"]
[BlackFideId "1002856"]
[WhiteElo "2327"]
[BlackElo "2251"]
[Result "1-0"]
[Round "09"]
[TimeControl "180+1"]
[Date "2022.06.15"]
[WhiteClock "0:00:10"]
[BlackClock "0:00:06"]

1. e4 d6 2. d4 Nf6 3. Nc3 g6 4. f4 Bg7 5. e5 dxe5 6. fxe5 Nd5 7. Bc4 Nxc3 8. bxc3 O-O 9. Qf3 c6 10. Ne2 Be6 11. Bxe6 fxe6 12. Qh3 Qd5 13. Rf1 Rxf1+ 14. Kxf1 Na6 15. Qd3 Rf8+ 16. Kg1 b5 17. Nf4 Qd7 18. Qh3 Nc7 19. a4 a6 20. axb5 cxb5 21. Qg4 Rf5 22. Bd2 Qc6 23. Nd3 Rf8 24. h4 Kh8 25. h5 gxh5 26. Qxh5 Qe8 27. Qxe8 Rxe8 28. Nc5 Ra8 29. Ra5 h5 30. Bg5 Bf8 31. Nd7 Kg8 32. Nc5 Kf7 33. Kf2 Kg6 34. Bh4 Kf7 35. Ke3 Bh6+ 36. Kd3 Ke8 37. c4 bxc4+ 38. Kxc4 Rc8 39. Kd3 Ra8 40. Be1 Kd8 41. g3 Kc8 42. c4 Kb8 43. Ra1 Ka7 44. Rb1 Rg8 45. Rb7+ Ka8 46. Rxc7 Rxg3+ 47. Bxg3 Bg5 48. Rd7 h4 49. Rd8+ Ka7 50. Bh2 Kb6 51. Nxe6 Bc1 52. Rb8+ Ka5 53. Rb1 Bh6 54. Nc5 h3 55. Kc3 Bf8 56. Ra1+ Kb6 57. Rxa6+ Kc7 58. Ra8 Bh6 59. Ne6+ Kb7 60. Rh8 Bc1 61. Rxh3 Kc6 62. Kc2 Ba3 63. d5+ Kd7 64. Rxa3 Ke8 65. Ra8+ Kf7 66. Rf8+ Kg6 67. c5 Kh5 68. Rg8 1-0


[Site "https://www.chess.com"]

[Event "Titled Tuesday Blitz June 14 Late 2022"]
[White "Sadhwani, Raunak"]
[Black "Andreikin, Dmitry"]
[WhiteFideId "35093487"]
[BlackFideId "4158814"]
[WhiteElo "2616"]
[BlackElo "2736"]
[Result "1/2-1/2"]
[Round "09"]
[TimeControl "180+1"]
[Date "2022.06.14"]
[WhiteClock "0:02:54"]
[BlackClock "0:03:04"]

1. e4 c5 2. Nf3 e6 3. d4 cxd4 4. Nxd4 Nc6 5. Nc3 a6 6. Nxc6 bxc6 7. Bd3 d5 8. Qf3 Nf6 9. Qg3 Nh5 10. Qf3 Nf6 11. Qg3 Nh5 12. Qf3 Nf6 1/2-1/2


[Site "https://www.chess.com"]

[Event "Titled Tuesday Blitz June 14 Late 2022"]
[White "Sanchez Alvares, Kelvin Antonio"]
[Black "Quiroga Jaquez, Angel Ivan"]
[WhiteFideId "3906680"]
[BlackFideId "5117801"]
[WhiteElo "2193"]
[BlackElo "1833"]
[Result "1/2-1/2"]
[Round "09"]
[TimeControl "180+1"]
[Date "2022.06.15"]
[WhiteClock "0:00:37"]
[BlackClock "0:00:15"]

1. e4 e5 2. Nf3 Nc6 3. Bb5 a6 4. Ba4 d6 5. c4 Bd7 6. Nc3 g6 7. Bxc6 Bxc6 8. d4 exd4 9. Qxd4 Qf6 10. Bg5 Qxd4 11. Nxd4 Bg7 12. Nxc6 bxc6 13. Bd2 Ne7 14. O-O-O O-O 15. Rhe1 Rab8 16. b3 f5 17. f3 fxe4 18. Nxe4 Nf5 19. Ba5 Rbc8 20. Kb1 h6 21. Ng3 Nxg3 22. hxg3 Kf7 23. g4 c5 24. Kc2 Bd4 25. Re2 c6 26. Rh1 Rce8 27. Rxe8 Rxe8 28. Kd1 Kg7 29. Bd2 g5 30. g3 d5 31. Re1 Rxe1+ 32. Kxe1 dxc4 33. bxc4 Kf7 34. Ke2 Ke6 35. Kd3 Bf2 36. f4 Bxg3 37. fxg5 hxg5 38. Bxg5 Ke5 39. Ke3 Be1 40. Be7 Bb4 41. Bf8 Ba3 42. Bg7+ Ke6 43. Ke4 Bc1 44. Bf8 Ba3 45. g5 Bc1 46. g6 Bb2 47. Bxc5 Bc1 48. Bd4 Bd2 49. Be5 Bc1 50. g7 Kf7 51. Kf5 Ba3 52. g8=Q+ Kxg8 53. Ke6 Bb4 54. Kd7 Kf7 55. Kxc6 Ke6 56. Bd4 Bd2 57. Kb6 a5 58. Kb5 Kd6 59. Bb6 a4 60. Kxa4 Kc6 61. Bd4 Bf4 62. Kb3 Bd6 63. a4 Kb7 64. c5 Bxc5 65. Bxc5 Ka8 66. Kb4 Kb7 67. Kb5 Ka8 68. Ka6 Kb8 69. Be7 Ka8 70. Bd6 1/2-1/2


[Site "https://www.chess.com"]

[Event "Titled Tuesday Blitz June 14 Late 2022"]
[White "Sarana, Alexey"]
[Black "Kamsky, Gata"]
[WhiteFideId "24133795"]
[BlackFideId "2000024"]
[WhiteElo "2666"]
[BlackElo "2645"]
[Result "1-0"]
[Round "09"]
[TimeControl "180+1"]
[Date "2022.06.14"]
[WhiteClock "0:00:07"]
[BlackClock "0:00:02"]

1. d4 f5 2. c4 Nf6 3. Nc3 d6 4. Bg5 Nbd7 5. e3 g6 6. Bd3 Bg7 7. Qc2 e5 8. f3 O-O 9. Nge2 b6 10. O-O Bb7 11. Rad1 Qe8 12. Qd2 a6 13. d5 Nc5 14. Bc2 a5 15. Nb5 Qf7 16. Nec3 Kh8 17. a3 a4 18. Rde1 Ba6 19. Qd1 Bxb5 20. Nxb5 e4 21. Nd4 exf3 22. gxf3 Nfd7 23. Kh1 Bf6 24. Bh6 Bg7 25. Bf4 Qe7 26. Rg1 Ne5 27. Qe2 Bf6 28. Rg2 Rae8 29. Reg1 Qf7 30. Bh6 Rg8 31. Qf1 Qd7 32. Bf4 Nf7 33. Qf2 Ne5 34. Qe2 Nf7 35. Qf1 Be5 36. Rd2 Bxf4 37. exf4 Qe7 38. Qf2 Qe3 39. Qxe3 Rxe3 40. Kg2 Rge8 41. Kf2 R3e7 42. Nc6 Re3 43. h4 Kg7 44. Nd4 Kf6 45. h5 R3e7 46. Nc6 Re3 47. hxg6 hxg6 48. Rh1 Nb3 49. Bxb3 Rxb3 50. Nd4 Rbe3 51. Ne6 R3xe6 52. dxe6 Rxe6 53. Re2 Rxe2+ 54. Kxe2 Kg7 55. Kd3 Nd8 56. Kd4 c6 57. Kc3 c5 58. Rd1 Nb7 59. b3 axb3 60. Kxb3 1-0


[Site "https://www.chess.com"]

[Event "Titled Tuesday Blitz June 14 Late 2022"]
[White "Sargsyan, Anna M."]
[Black "Girsh, Daniel"]
[WhiteFideId "13308130"]
[BlackFideId "30949190"]
[WhiteElo "2271"]
[BlackElo "2513"]
[Result "1-0"]
[Round "09"]
[TimeControl "180+1"]
[Date "2022.06.14"]
[WhiteClock "0:00:25"]
[BlackClock "0:01:19"]

1. d4 Nf6 2. c4 e6 3. Nf3 d5 4. Nc3 c6 5. e3 Nbd7 6. Bd3 Bd6 7. Qc2 dxc4 8. Bxc4 b5 9. Bd3 O-O 10. e4 e5 11. Bg5 h6 12. Bh4 exd4 13. Nxd4 Ne5 14. O-O-O b4 15. Na4 c5 16. Nb5 Qe7 17. Be2 Bb8 18. Qxc5 Qe6 19. Kb1 Nxe4 20. Qxf8+ Kxf8 21. Rd8+ Qe8 22. Rxe8+ Kxe8 23. Rd1 Bf5 24. Rd8# 1-0


[Site "https://www.chess.com"]

[Event "Titled Tuesday Blitz June 14 Late 2022"]
[White "Seletsky, Grigory"]
[Black "Winkels, Marcel"]
[WhiteFideId "14112191"]
[BlackFideId "1003887"]
[WhiteElo "2492"]
[BlackElo "1900"]
[Result "1-0"]
[Round "09"]
[TimeControl "180+1"]
[Date "2022.06.15"]
[WhiteClock "0:00:01"]
[BlackClock "0:00:01"]

1. e4 c5 2. Nc3 d6 3. d3 Nc6 4. Be3 e6 5. d4 cxd4 6. Bxd4 Nxd4 7. Qxd4 Nf6 8. Bb5+ Bd7 9. O-O-O a6 10. Bxd7+ Qxd7 11. Nf3 Be7 12. e5 dxe5 13. Qxe5 Qc6 14. Nd4 Qb6 15. f3 O-O 16. Ne4 Nxe4 17. Qxe4 Bf6 18. c3 Rfd8 19. Nc2 h6 20. f4 a5 21. Qe2 a4 22. a3 Qb3 23. Rxd8+ Rxd8 24. Rd1 Rxd1+ 25. Qxd1 Qc4 26. g3 Kh7 27. Nb4 Be7 28. Qd3+ Qxd3 29. Nxd3 Kg6 30. Ne5+ Kf5 31. Nxf7 Ke4 32. Ne5 Ke3 33. Kc2 Kf2 34. Kd3 Kg2 35. g4 Kxh2 36. Ke4 Kg3 37. f5 exf5+ 38. Kxf5 Bf6 39. Nd7 Be7 40. Nb6 Bc5 41. Nxa4 Be3 42. c4 g6+ 43. Kxg6 Kxg4 44. Nc3 h5 45. Ne2 h4 46. Nc3 h3 47. Nd5 h2 48. Nxe3+ Kf3 49. Nf5 h1=Q 50. Kf6 Kf4 51. Ne7 Qe4 52. Nd5+ 1-0


[Site "https://www.chess.com"]

[Event "Titled Tuesday Blitz June 14 Late 2022"]
[White "Sjugirov, Sanan"]
[Black "Babazada, Khazar"]
[WhiteFideId "4189302"]
[BlackFideId "13413554"]
[WhiteElo "2602"]
[BlackElo "2406"]
[Result "0-1"]
[Round "09"]
[TimeControl "180+1"]
[Date "2022.06.14"]
[WhiteClock "0:00:02"]
[BlackClock "0:00:04"]

1. e4 Nf6 2. e5 Nd5 3. d4 Nb6 4. c4 d6 5. exd6 cxd6 6. Nc3 g6 7. Nf3 Bg7 8. Be2 O-O 9. Bg5 Bg4 10. Rc1 Nc6 11. d5 Bxf3 12. Bxf3 Ne5 13. b3 h6 14. Be3 Nxf3+ 15. Qxf3 a5 16. a4 Nd7 17. O-O Ne5 18. Qe2 f5 19. f3 g5 20. Nb5 f4 21. Bf2 g4 22. Nd4 gxf3 23. gxf3 Qe8 24. Kh1 Qh5 25. Rg1 Kh8 26. Rg2 Bf6 27. Rcg1 Rg8 28. Qe4 Bg5 29. Be1 b6 30. Bc3 Bf6 31. Rxg8+ Rxg8 32. Rxg8+ Kxg8 33. Qxf4 Nxf3 34. Qxf3 Qxf3+ 35. Nxf3 Bxc3 36. Kg2 Kf7 37. Kg3 e6 38. Kf4 Kf6 39. dxe6 Kxe6 40. Ke4 Bf6 41. h3 Be5 42. Nh4 h5 43. Nf5 Kf6 44. Ne3 Kg5 45. Kf3 Bd4 46. Ng2 Bc5 47. h4+ Kf5 48. Nf4 d5 49. Nxd5 Ke5 50. Nf4 Kd4 51. Nxh5 Kc3 52. Ke4 Kxb3 53. Kd3 Be7 54. Nf4 Bxh4 55. Nd5 Bf2 56. Nc3 Bc5 57. Nd5 Kxa4 58. Kc3 Ka3 59. Nf4 Bb4+ 60. Kc2 Bc5 61. Nd3 a4 62. Kc3 Bd6 63. Kc2 Bb4 64. Nc1 Bc5 65. Nd3 Bd4 66. Nf4 Kb4 67. Kd3 Bc5 68. Nd5+ Kb3 69. Nc3 a3 70. Nb1 a2 0-1


[Site "https://www.chess.com"]

[Event "Titled Tuesday Blitz June 14 Late 2022"]
[White "Swicarz, Maciej"]
[Black "Roman, Rodrigo"]
[WhiteFideId "1113585"]
[BlackFideId "3701220"]
[WhiteElo "2049"]
[BlackElo "2001"]
[Result "1-0"]
[Round "09"]
[TimeControl "180+1"]
[Date "2022.06.14"]
[WhiteClock "0:00:13"]
[BlackClock "0:00:11"]

1. c4 c6 2. Nc3 d5 3. cxd5 cxd5 4. d4 Nc6 5. Nf3 Nf6 6. Qb3 e6 7. Bf4 Bd6 8. Bxd6 Qxd6 9. e3 O-O 10. Bd3 a6 11. a4 Nb4 12. Bb1 Bd7 13. Ne5 Rfc8 14. O-O Be8 15. h3 Nd7 16. Nd3 Nxd3 17. Bxd3 Nb6 18. a5 Nc4 19. Bxc4 Rxc4 20. Ne4 Qc7 21. Nc5 Bb5 22. Rfc1 Rb8 23. Rxc4 Bxc4 24. Qc3 Qc6 25. Rc1 Bb5 26. Qd2 Qe8 27. Nb3 Rc8 28. Rxc8 Qxc8 29. Nc5 Qc7 30. g3 b6 31. axb6 Qxb6 32. Qb4 g6 33. Nd7 Qd8 34. Ne5 Qc7 35. Kg2 f6 36. Nf3 Kf7 37. h4 h5 38. Qd2 Qc4 39. Nh2 e5 40. dxe5 fxe5 41. Qe1 d4 42. exd4 exd4 43. g4 Qd5+ 44. Kg3 hxg4 45. Nxg4 Qd6+ 46. f4 Kg7 47. Qe4 d3 48. Qb7+ Kg8 49. Nh6+ Kh8 50. Nf7+ Kh7 51. Nxd6+ Kh6 52. Nxb5 1-0


[Site "https://www.chess.com"]

[Event "Titled Tuesday Blitz June 14 Late 2022"]
[White "Swiercz, Dariusz"]
[Black "Terry, Renato"]
[WhiteFideId "1126881"]
[BlackFideId "3803457"]
[WhiteElo "2627"]
[BlackElo "2577"]
[Result "0-1"]
[Round "09"]
[TimeControl "180+1"]
[Date "2022.06.14"]
[WhiteClock "0:00:04"]
[BlackClock "0:00:06"]

1. d4 e6 2. Nf3 Nf6 3. Bf4 b6 4. e3 Bb7 5. Be2 Bd6 6. Bg3 h6 7. c4 Bxg3 8. hxg3 d6 9. Nc3 Nbd7 10. Qc2 Qe7 11. e4 e5 12. d5 a5 13. Nd2 Nc5 14. b3 g6 15. a3 h5 16. O-O-O Bc8 17. Kb2 Bd7 18. Ra1 Kf8 19. b4 Na6 20. c5 dxc5 21. b5 Nb8 22. Nc4 Ne8 23. f4 Nd6 24. Nxe5 a4 25. Rae1 Ra5 26. Nc4 Ra7 27. Nxd6 cxd6 28. Bc4 Bg4 29. e5 Nd7 30. Ne4 Bf5 31. exd6 Qd8 32. Qc3 Rh6 33. g4 Bxg4 34. Rhf1 Bf5 35. Ng5 Nf6 36. Re3 Qxd6 37. Ne6+ fxe6 38. Qxf6+ Rf7 39. Qg5 Kg7 40. Rd1 h4 41. Kc1 exd5 42. Rxd5 Qf6 43. Qxf6+ Rxf6 44. Re7+ Kf8 45. Ra7 Ke8 46. Re5+ Kd8 47. Bf7 Bd7 48. Bd5 Rh5 49. Ra8+ Kc7 50. Ra7+ Kd6 51. Bc4 Rxf4 52. Rxh5 gxh5 53. Bg8 Rg4 54. Ba2 Rxg2 55. Bb1 h3 56. Be4 Re2 57. Bf3 Rf2 58. Ba8 h2 59. Ra6 Kc7 60. Ra7+ Kb8 61. Ra6 Bxb5 62. Rxb6+ Kxa8 63. Rxb5 h1=Q# 0-1


[Site "https://www.chess.com"]

[Event "Titled Tuesday Blitz June 14 Late 2022"]
[White "Trakru, Rohun"]
[Black "Melikhov, Evgeny V."]
[WhiteFideId "2097613"]
[BlackFideId "4122046"]
[WhiteElo "1746"]
[BlackElo "1904"]
[Result "0-1"]
[Round "09"]
[TimeControl "180+1"]
[Date "2022.06.15"]
[WhiteClock "0:00:12"]
[BlackClock "0:00:12"]

1. e4 e5 2. Nf3 Nc6 3. Bc4 Nf6 4. d4 exd4 5. e5 d5 6. Bb5 Ne4 7. Nxd4 Bd7 8. Bxc6 bxc6 9. O-O c5 10. Nb3 Bc6 11. f3 Ng5 12. Be3 d4 13. Bf2 Qd5 14. N1d2 O-O-O 15. Qe2 f6 16. Qa6+ Kb8 17. Na5 Bb7 18. Nxb7 Qxb7 19. Qc4 fxe5 20. Bh4 Be7 21. Bxg5 Bxg5 22. Ne4 Be3+ 23. Kh1 Qd5 24. Qxc5 Qxc5 25. Nxc5 h5 26. Rad1 g5 27. Rd3 g4 28. Rb3+ Kc8 29. fxg4 hxg4 30. g3 Rh6 31. Re1 Rdh8 32. Re2 Rf8 33. Kg2 Rhf6 34. Ne4 Rf1 35. Rbxe3 dxe3 36. Rxe3 Rc1 37. Rc3 Rff1 38. Nd6+ Kd7 39. Nc4 Rfe1 40. Kf2 Ke6 41. Ne3 Rh1 42. Rxc7 Rxh2+ 43. Ng2 a5 44. b3 Ra1 45. a4 Rhh1 46. Ne3 Rh2+ 47. Ng2 Rd1 48. Ke2 Rg1 49. Kd3 Rgxg2 50. Rc5 Rxg3+ 51. Kc4 Rxc2+ 0-1


[Site "https://www.chess.com"]

[Event "Titled Tuesday Blitz June 14 Late 2022"]
[White "Vasquez Schroeder, Rodrigo"]
[Black "Yoo, Christopher Woojin"]
[WhiteFideId "3400042"]
[BlackFideId "30909694"]
[WhiteElo "2567"]
[BlackElo "2105"]
[Result "1/2-1/2"]
[Round "09"]
[TimeControl "180+1"]
[Date "2022.06.14"]
[WhiteClock "0:00:58"]
[BlackClock "0:00:05"]

1. e4 c6 2. d4 d5 3. exd5 cxd5 4. Bd3 Nc6 5. c3 e6 6. Bf4 Nge7 7. Nf3 f6 8. h4 Ng6 9. Bg3 Bd6 10. h5 Nge7 11. Bxd6 Qxd6 12. Qc2 e5 13. dxe5 fxe5 14. Be2 O-O 15. Nbd2 e4 16. Nd4 Nxd4 17. cxd4 Qf6 18. O-O Qxd4 19. Rad1 Qe5 20. Nb3 Be6 21. Qc5 Nc6 22. Bb5 Rfc8 23. Bxc6 Rxc6 24. Qe7 Rc7 25. Qh4 Rf8 26. Nd4 Bd7 27. Rd2 e3 28. fxe3 Rxf1+ 29. Kxf1 Rc8 30. Re2 Rf8+ 31. Kg1 Be8 32. h6 gxh6 33. Qxh6 Rf6 34. Qh4 Rg6 35. Nf3 Qe4 36. Qxe4 dxe4 37. Nd4 Bc6 38. Rc2 Kf7 39. Rc5 Ke7 40. Rh5 h6 41. Rxh6 Rxh6 42. Nf5+ Kf6 43. Nxh6 Bd5 44. Ng4+ Kf5 45. Nf2 Bxa2 46. Kf1 a5 47. Ke1 b5 48. Kd2 b4 49. Kc2 a4 50. Kd2 Bb3 51. Nh1 Bc4 52. Ng3+ Ke5 53. Nh5 Bd3 54. Nf4 a3 55. bxa3 bxa3 56. Kc3 Bc4 57. g4 Kf6 58. Nh3 Bd5 59. g5+ Kf5 60. Nf4 Bf7 61. g6 Bxg6 62. Kb3 Bf7+ 63. Kxa3 Kg4 64. Ne2 Kf3 65. Nc3 Kxe3 66. Nxe4 1/2-1/2


[Site "https://www.chess.com"]

[Event "Titled Tuesday Blitz June 14 Late 2022"]
[White "Weisz, Bryan"]
[Black "Gallegos Diaz, Carlos Alberto"]
[WhiteFideId "30934133"]
[BlackFideId "3900886"]
[WhiteElo "2258"]
[BlackElo "2362"]
[Result "1-0"]
[Round "09"]
[TimeControl "180+1"]
[Date "2022.06.15"]
[WhiteClock "0:00:12"]
[BlackClock "0:00:13"]

1. e4 d6 2. d4 Nf6 3. Nc3 c6 4. Bg5 Nbd7 5. Nf3 Qa5 6. Bd3 e5 7. O-O Be7 8. Ne2 O-O 9. Ng3 Re8 10. Nf5 Bf8 11. dxe5 dxe5 12. Bc4 Nxe4 13. Re1 Ndf6 14. Bxf6 Bxf5 15. Bxe5 Qc5 16. Qd4 Rad8 17. Qxc5 Bxc5 18. Bg3 Nxg3 19. hxg3 Rxe1+ 20. Rxe1 Bxc2 21. Rc1 Rd1+ 22. Rxd1 Bxd1 23. Ne5 Bh5 24. g4 Bg6 25. Nxg6 hxg6 26. Kf1 Kf8 27. Ke2 Ke7 28. f3 Bd4 29. b3 b5 30. Bd3 Kd6 31. Bb1 Ke5 32. g3 c5 33. f4+ Kd5 34. Kf3 c4 35. bxc4+ Kxc4 36. Bc2 a5 37. Bb3+ Kc3 38. Bxf7 a4 39. Bxg6 b4 40. Bf7 b3 41. axb3 axb3 42. g5 Kc2 43. f5 b2 44. Ba2 b1=Q 45. Bxb1+ Kxb1 46. Ke4 Bc3 47. Kd5 Bd2 48. g6 Bg5 49. Ke6 Kc2 50. Kf7 Bf6 51. g4 Kd3 52. g5 Bxg5 53. Kxg7 Ke4 54. f6 Kf5 55. f7 Be7 56. Kh7 Ke6 57. g7 Kxf7 58. g8=Q+ Kf6 59. Qg6+ 1-0


[Site "https://www.chess.com"]